 Dungeon Crawl Stone Soup version 0.21-a0-531-gacddea6 (webtiles) character file.

84786 robertstho the Fighter (level 15, -10/100 HPs)
             Began as a Gargoyle Fighter on Dec 13, 2017.
             Was the Champion of Okawaru.
             Killed from afar by Azrael (39 damage)
             ... with damnation
             ... on level 1 of the Snake Pit on Dec 14, 2017.
             The game lasted 01:48:41 (21868 turns).

robertstho the Fighter (Gargoyle Fighter)          Turns: 21868, Time: 01:48:42

Health: -10/100    AC: 58    Str: 21    XL:     15   Next: 81%
Magic:  0/16       EV: 13    Int:  9    God:    Okawaru [******]
Gold:   1583       SH: 19    Dex: 20    Spells: 14/14 levels left

rFire    + + .     SeeInvis .   y - +5 broad axe (flame)
rCold    + . .     Gourm    .   c - +4 shield {AC+3}
rNeg     + . .     Faith    .   m - +15 Maxwell's patent armour {-Cast -Tele rElec MR+ rCorr}
rPois    ∞         Spirit   +   z - +2 helmet
rElec    +         Reflect  .   d - scarf {Spirit}
rCorr    +         Harm     .   W - +2 pair of gloves {Dex+3}
MR       ++...     NoTele   +   s - +1 pair of boots {Stlth+} Stlth ..........NoCast +
                                Y - amulet of rage
HPRegen  0.26/turn              k - +3 ring of dexterity
MPRegen  0.15/turn              j - ring of protection from fire

@: resistant, heroism
A: big wings, negative energy resistance 1, electricity resistance, unbreathing,
petrification resistance, rot immunity, AC +11
a: Fly, Heroism, Finesse, Renounce Religion, Evoke Berserk Rage


You were on level 1 of the Snake Pit.
You worshipped Okawaru.
Okawaru was exalted by your worship.
You were hungry.

You visited 4 branches of the dungeon, and saw 23 of its levels.
You also visited: Labyrinth and Ossuary.

You collected 1849 gold pieces.
You spent 266 gold pieces at shops.

Inventory:

Hand Weapons
 o - a +4 hunting sling of velocity
 y - a +5 broad axe of flaming (weapon)
 A - the +6 trident "Wuriunas" {freeze, Dex+5}
   (You found it on level 3 of the Lair of Beasts)

   It has been specially enchanted to freeze those struck by it, causing extra
   injury to most foes and up to half again as much damage against particularly
   susceptible opponents.
   It can also slow down cold-blooded creatures.
   It affects your dexterity (+5).
 O - the +5 arbalest "Ypluwyxt" {freeze, +Fly rC+}
   (You took it off a minotaur in a labyrinth)

   It causes projectiles fired from it to freeze those they strike, causing
   extra injury to most foes and up to half again as much damage against
   particularly susceptible opponents.
   They can also slow down cold-blooded creatures.
   It protects you from cold.
   It lets you fly.
 P - a +0 hand crossbow of flaming
 Q - the +1 long sword of the Unliving {venom, Int+9}
   (You found it on level 7 of the Dungeon)

   It poisons the flesh of those it strikes.
   It affects your intelligence (+9).
Missiles
 h - 152 sling bullets
 i - 19 javelins of returning (quivered)
 n - 184 bolts
Armour
 c - a +4 shield of protection (worn)
 d - a scarf of spirit shield (worn)
 m - the +15 Maxwell's patent armour (worn) {-Cast -Tele rElec MR+ rCorr}
   (You found it in a labyrinth)

   It insulates you from electricity.
   It affects your resistance to hostile enchantments.
   It prevents spellcasting.
   It prevents most forms of teleportation.
   It protects you from acid and corrosion.
 s - a +1 pair of boots of stealth (worn)
 z - a +2 helmet (worn)
 U - the +8 orange crystal plate armour {Archmagi, Int+3 Clar}
   (Okawaru gifted it to you on level 14 of the Dungeon)

   It affects your intelligence (+3).
   It protects you against confusion.
 W - a +2 pair of gloves of dexterity (worn)
Jewellery
 e - an uncursed amulet of faith {unknown}
 j - a ring of protection from fire (right hand)
 k - a +3 ring of dexterity (left hand)
 r - an uncursed ring of protection from magic
 v - a +5 ring of evasion
 B - an uncursed ring of see invisible
 K - a +3 ring of slaying
 T - an uncursed ring of protection from magic
 Y - an amulet of rage (around neck)
Wands
 a - a wand of scattershot (8)
 b - a wand of iceblast (16)
 u - a wand of disintegration (24)
 w - a wand of enslavement (6)
 I - a wand of paralysis (23)
 N - a wand of digging (13)
Scrolls
 l - 5 scrolls of teleportation
 t - 3 scrolls of magic mapping
 C - 7 scrolls of remove curse
 E - 3 scrolls of brand weapon
 F - a scroll of acquirement
 H - 5 scrolls of blinking
 L - a scroll of fear
 R - a scroll of enchant weapon {unknown}
 V - a scroll of holy word
 X - a scroll of silence
 Z - 3 scrolls of fog
Potions
 g - 2 potions of ambrosia
 x - a potion of invisibility
 J - 2 potions of resistance
 M - 5 potions of curing
Miscellaneous
 G - a lamp of fire
Comestibles
 f - 17 bread rations
 p - 11 meat rations
 q - 11 royal jellies
 S - 8 fruits


   Skills:
 * Level 14.3(19.3) Fighting
 + Level 8.0(13.0) Long Blades
 + Level 11.8(17.4) Axes
   Level 6.5(15.5) Maces & Flails
 + Level 3.2(13.3) Polearms
 + Level 3.8(8.8) Crossbows
 + Level 2.2(7.2) Throwing
 * Level 13.3(18.3) Armour
 + Level 3.5(8.5) Dodging
 + Level 1.5(6.5) Stealth
 + Level 12.2(17.2) Shields
 + Level 0.7 Invocations
 + Level 1.5 Evocations


You had 14 spell levels left.
You didn't know any spells.

Dungeon Overview and Level Annotations

Branches:
Dungeon (15/15)            Temple (1/1) D:4            Lair (6/6) D:8
  Swamp (0/4) Lair:3        Snake (1/4) Lair:3        Slime (0/5) Lair:5
    Orc (0/2) D:10         Vaults (0/5) D:13
 Depths: D:15

Altars:
Ashenzari
Cheibriados
Dithmenos
Elyvilon
Gozag
Hepliaklqana
Kikubaaqudgha
Makhleb
Okawaru
Qazlal
Ru
Sif Muna
Trog
Yredelemnul
Zin
The Shining One
Jiyva

Shops:
D:11 [

Annotations:
D:10 ice statue surrounded by deep water, exclusion: ice statue
Snake:1 Azrael


Innate Abilities, Weirdness & Mutations

You are resistant to torment.
Your stone body is resilient. (AC +11)
You are immune to poison.
Your large and strong wings let you fly indefinitely.
You resist negative energy. (rN+)
You are resistant to electric shocks. (rElec)
You can survive without breathing.
You are immune to petrification.
You are immune to rotting.


Message History

Azrael gestures at you.
The sphere of damnation explodes!
The damnation engulfs you!
The damnation engulfs Azrael.
Azrael completely resists.
You are too injured to fight recklessly!
You are too injured to fight recklessly!
You are too injured to fight recklessly!
You feel much better. You block Azrael's attack.
You gain the combat prowess of a mighty hero.
You block Azrael's attack.
You fail to use your ability.
Azrael gestures at you.
The sphere of damnation explodes!
The damnation engulfs you!
* * * LOW HITPOINT WARNING * * *
The damnation engulfs Azrael.
Azrael completely resists.
You feel protected. You block Azrael's attack.
You feel better. Azrael gestures at you.
The sphere of damnation explodes!
The damnation engulfs you!
You die...

...##...# #....# ..###...# .
#....#### ..# ##.## #.
#..)....# .)####.####..
#.).###.### ..)[....##...#
#.)†....... ######..#.....#
#..........#
#.##......##..........#
######.##.......#..........#
........##.....R@†........>
........###.....#..........
........# ##...##..##......
<.......# #..# #### ......
........# .... .....
#########.... ## ... ...


You could see Azrael.

Vanquished Creatures
  Rupert (D:13)
  Kirke (Lair:4)
  Nessos (D:15)
  A dire elephant (Lair:6)
  The ghost of Skryme the Fighter, a journeyman GnWn of Okawaru (Lab)
  Snorg (D:14)
  A minotaur (Lab)
  Fannar (Lair:3)
  2 naga warriors (Snake:1)
  3 catoblepae
  The ghost of Exaltedone87 the Martial Artist, a journeyman GnTm of Fedhas (Lab)
  7 hydras
  2 anacondas (Snake:1)
  Erica (D:10)
  2 two-headed ogres
  9 death yaks
  3 centaur warriors
  A deep troll shaman (Lair:6)
  Urug (D:10)
  2 naga sharpshooters (Snake:1)
  2 shock serpents (Snake:1)
  An unseen horror (D:12)
  A naga ritualist (Snake:1)
  An orc knight (D:13)
  A deep elf mage (D:15)
  A mana viper (Snake:1)
  5 ugly things
  An orc sorcerer (D:10)
  A cyclops (D:12)
  2 oklob plants
  Joseph (Lair:1)
  7 black mambas
  A guardian serpent (Snake:1)
  17 elephants
  Psyche (D:9)
  2 gargoyles
  A naga mage (Snake:1)
  8 spiny frogs
  3 centaur skeletons
  6 komodo dragons
  3 rime drakes
  A tengu conjurer (D:14)
  3 trolls
  3 meliai (D:15)
  A troll (shapeshifter) (D:14)
  Grinder (D:6)
  A polar bear (Lair:2)
  A hornet (D:13)
  15 blink frogs
  The ghost of TekDriveTruck the Changer, an amateur MfTm (D:5)
  2 meliai zombies
  15 hippogriffs
  Sigmund (D:5)
  3 wyverns
  4 fire elementals (Snake:1)
  38 yaks
  4 basilisks
  4 hogs
  3 hungry ghosts
  A wraith (D:15)
  19 humans
  A steam dragon (Lair:3)
  4 vampire mosquitoes (D:12)
  A naga (Snake:1)
  Edmund (D:6)
  4 hell hounds (Snake:1)
  2 acid dragons
  6 water moccasins
  8 porcupines
  2 ice beasts
  2 phantoms
  6 orc warriors
  2 sky beasts
  12 wolves (Lair:6)
  An eye of draining (D:12)
  5 black bears
  2 necrophages
  5 ogres
  15 centaurs
  7 big kobolds
  6 crocodiles
  23 bullfrogs
  A wyvern skeleton (D:7)
  4 scorpions
  13 killer bees
  3 howler monkeys
  2 electric eels
  5 crimson imps
  4 hounds
  3 centaur zombies
  5 jellies
  3 bullfrog skeletons
  3 bullfrog zombies
  A gnoll shaman (D:8)
  10 orc priests
  13 orc wizards
  6 iguanas
  7 worker ants
  2 killer bee zombies
  8 ogre zombies (D:10)
  8 mummies (Ossuary)
  A hound skeleton (D:7)
  10 gnolls
  2 worker ant zombies
  14 adders
  6 shadow imps
  An adder zombie (D:7)
  2 adder skeletons
  4 worms (D:2)
  3 dart slugs
  3 leopard geckos
  50 orcs
  2 ball pythons
  3 giant cockroaches
  7 goblins
  10 hobgoblins
  2 jackals (D:3)
  6 quokkas
  6 bats
  2 frilled lizards (D:2)
  2 gnoll zombies (Ossuary)
  4 goblin zombies (D:10)
  2 hobgoblin skeletons (D:10)
  3 hobgoblin zombies
  66 kobolds
  3 kobold zombies (Ossuary)
  2 orc skeletons (D:10)
  17 orc zombies
  5 rats
  A bush (Lair:5)
  6 fungi
  4 plants
694 creatures vanquished.

Vanquished Creatures (others)
  2 blink frogs (Lair:4)
  A human (Lair:4)
  3 fungi
  4 plants (Lair:5)
  4 toadstools (Lair:2)
14 creatures vanquished.

Grand Total: 708 creatures vanquished

Notes
Turn   | Place    | Note
-------+----------+-------------------------------------------
     0 | D:1      | robertstho the Gargoyle Fighter began the quest for the Orb.
     0 | D:1      | Reached XP level 1. HP: 14/14 MP: 1/1
   208 | D:1      | Reached XP level 2. HP: 19/19 MP: 2/2
   718 | D:2      | Reached XP level 3. HP: 19/24 MP: 3/3
   789 | D:2      | Reached skill level 4 in Fighting
   842 | D:2      | Reached XP level 4. HP: 20/29 MP: 4/4
  1254 | D:2      | Reached XP level 5. HP: 31/33 MP: 5/5
  1473 | D:3      | Noticed a big kobold
  1501 | D:3      | Killed a big kobold
  1501 | D:3      | Reached skill level 1 in Dodging
  1516 | D:3      | Reached XP level 6. HP: 18/39 MP: 6/6
  1951 | D:3      | Reached XP level 7. HP: 42/44 MP: 7/7
  2172 | D:3      | Reached skill level 1 in Stealth
  2272 | D:3      | Found a faded altar of an unknown god.
  2592 | D:4      | Found a staircase to the Ecumenical Temple.
  2598 | Temple   | Entered the Ecumenical Temple
  2679 | Temple   | Became a worshipper of Warmaster Okawaru
  2767 | D:4      | Found a sacrificial altar of Ru.
  2970 | D:4      | Reached skill level 5 in Fighting
  2970 | D:4      | Reached skill level 5 in Shields
  3116 | D:4      | Reached skill level 5 in Armour
  3847 | D:5      | Entered Level 5 of the Dungeon
  4040 | D:5      | Reached XP level 8. HP: 49/49 MP: 8/8
  4063 | D:5      | Reached skill level 5 in Maces & Flails
  4076 | D:5      | Found a bloodstained altar of Trog.
  4103 | D:5      | Noticed Sigmund
  4124 | D:5      | Killed Sigmund
  4266 | D:5      | Reached * piety under Okawaru
  4310 | D:5      | Noticed TekDriveTruck's ghost (amateur MfTm)
  4324 | D:5      | Killed TekDriveTruck's ghost
  4390 | D:5      | Reached skill level 6 in Fighting
  4698 | D:6      | Noticed Edmund
  4737 | D:6      | Reached XP level 9. HP: 55/55 MP: 9/9
  4748 | D:6      | Found a sand-covered staircase.
  4770 | Ossuary  | Entered an ossuary
  4827 | Ossuary  | Reached skill level 1 in Polearms
  5035 | D:6      | Reached ** piety under Okawaru
  5051 | D:6      | Killed Edmund
  5097 | D:6      | Noticed Grinder
  5111 | D:6      | Killed Grinder
  5391 | D:6      | Found a stormy altar of Qazlal.
  5591 | D:6      | Found an ancient bone altar of Kikubaaqudgha.
  5692 | D:7      | Got an ancient long sword
  5728 | D:7      | Identified the cursed +1 long sword of the Unliving {venom, Int+9} (You found it on level 7 of the Dungeon)
  5933 | D:7      | Reached skill level 7 in Fighting
  6015 | D:7      | Reached skill level 1 in Long Blades
  6495 | D:7      | Reached *** piety under Okawaru
  6652 | D:8      | Noticed a death yak
  6656 | D:8      | Noticed a death yak
  6657 | D:8      | Noticed a death yak
  6659 | D:8      | Noticed a death yak
  6659 | D:8      | Noticed a death yak
  6660 | D:8      | Noticed a death yak
  6667 | D:8      | Killed a death yak
  6667 | D:8      | Reached XP level 10. HP: 29/64 MP: 7/10
  6684 | D:7      | Killed a death yak
  6684 | D:7      | Reached skill level 8 in Fighting
  7053 | D:8      | Noticed a two-headed ogre
  7075 | D:8      | Killed a two-headed ogre
  7075 | D:8      | Reached **** piety under Okawaru
  7328 | D:8      | Killed a death yak
  7328 | D:8      | Reached skill level 5 in Long Blades
  7351 | D:8      | Killed a death yak
  7351 | D:8      | Reached ***** piety under Okawaru
  7351 | D:8      | Reached skill level 1 in Throwing
  7351 | D:8      | Reached XP level 11. HP: 32/69 MP: 9/11
  7360 | D:8      | Killed a death yak
  7360 | D:8      | Reached skill level 9 in Fighting
  7614 | D:8      | Found a burning altar of Makhleb.
  7619 | D:8      | Noticed a green death
  7683 | D:8      | Found a bloodstained altar of Trog.
  7754 | D:8      | Killed a death yak
  7914 | D:8      | Found a staircase to the Lair.
  8049 | D:9      | Noticed a two-headed ogre
  8055 | D:9      | Killed a two-headed ogre
  8055 | D:9      | Received a gift from Okawaru
  8438 | D:9      | Noticed Psyche
  8450 | D:9      | Killed Psyche
  8749 | D:9      | Found a shadowy altar of Dithmenos.
  8875 | D:9      | Found an iron altar of Okawaru.
  8939 | D:10     | Entered Level 10 of the Dungeon
  9055 | D:10     | Noticed Erica
  9069 | D:10     | Killed Erica
  9124 | D:10     | Noticed a centaur warrior
  9148 | D:10     | Killed a centaur warrior
  9148 | D:10     | Reached skill level 10 in Armour
  9213 | D:10     | Noticed an orc sorcerer
  9235 | D:10     | Noticed a sixfirhy
  9241 | D:10     | Killed an orc sorcerer
  9241 | D:10     | Reached skill level 10 in Fighting
  9304 | D:10     | Reached XP level 12. HP: 39/77 MP: 12/12
  9547 | D:10     | Found a staircase to the Orcish Mines.
  9974 | D:10     | Noticed Urug
  9989 | D:10     | Killed Urug
 10253 | D:11     | Received a gift from Okawaru
 10315 | D:11     | Reached skill level 1 in Axes
 10357 | D:11     | Found Plog's Antique Armour Boutique.
 10365 | D:11     | Bought a smoking chain mail for 266 gold pieces
 10375 | D:11     | Identified the cursed +1 chain mail of Agnosticism {rPois} (You bought it in a shop on level 11 of the Dungeon)
 10400 | D:11     | Found a labyrinth entrance.
 10431 | Lab      | Entered a labyrinth
 10737 | Lab      | Noticed Exaltedone87's ghost (journeyman GnTm)
 10845 | Lab      | Killed Exaltedone87's ghost
 11268 | Lab      | Noticed Skryme's ghost (journeyman GnWn)
 11288 | Lab      | Killed Skryme's ghost
 11629 | Lab      | Noticed a minotaur
 11636 | Lab      | Killed a minotaur
 11638 | Lab      | Got an encrusted arbalest {freeze}
 11642 | Lab      | Identified Uzxast's Guide on Supportive Clay
 11643 | Lab      | Found the +15 Maxwell's patent armour {-Cast -Tele rElec MR+ rCorr}
 11865 | D:11     | Reached skill level 1 in Evocations
 12164 | D:12     | Reached skill level 10 in Shields
 12299 | D:12     | Reached skill level 11 in Fighting
 12306 | D:12     | Reached skill level 5 in Axes
 12308 | D:12     | Reached XP level 13. HP: 81/84 MP: 13/13
 12447 | D:12     | Received a gift from Okawaru
 13160 | D:13     | Found a gate to the Vaults.
 13161 | D:13     | Noticed Rupert
 13188 | D:13     | Killed Rupert
 13204 | D:13     | Reached ****** piety under Okawaru
 13770 | D:13     | Identified the +5 arbalest "Ypluwyxt" {freeze, +Fly rC+} (You took it off a minotaur in a labyrinth)
 14112 | D:14     | Reached skill level 1 in Crossbows
 14567 | D:14     | Noticed Snorg
 14582 | D:14     | Killed Snorg
 14582 | D:14     | Received a gift from Okawaru
 14582 | D:14     | Reached skill level 12 in Fighting
 14583 | D:14     | Found the +8 orange crystal plate armour {Archmagi, Int+3 Clar}
 14907 | D:14     | You fall through a shaft!
 14907 | D:15     | Entered Level 15 of the Dungeon
 15396 | D:15     | Noticed Nessos
 15401 | D:15     | Gained mutation: Your large and strong wings let you fly indefinitely. [Gargoyle growth]
 15401 | D:15     | Reached XP level 14. HP: 74/92 MP: 12/15
 15422 | D:15     | Killed Nessos
 15557 | D:15     | HP: 4/92 [centaur warrior/arrow (4)]
 16056 | Lair:1   | Entered Level 1 of the Lair of Beasts
 16179 | Lair:1   | Noticed Joseph
 16196 | Lair:1   | Killed Joseph
 17121 | Lair:2   | Found a runed door.
 17667 | Lair:2   | Received a gift from Okawaru
 17950 | Lair:3   | Found a staircase to the Snake Pit.
 18086 | Lair:3   | Got a pitted trident
 18087 | Lair:3   | Identified the +6 trident "Wuriunas" {freeze, Dex+5} (You found it on level 3 of the Lair of Beasts)
 18156 | Lair:3   | Reached skill level 13 in Fighting
 18231 | Lair:3   | Noticed Fannar
 18241 | Lair:3   | Killed Fannar
 18241 | Lair:3   | Received a gift from Okawaru
 18295 | Lair:3   | Found a staircase to the Swamp.
 18836 | Lair:4   | Reached skill level 10 in Axes
 18875 | Lair:4   | Noticed Kirke
 18892 | Lair:4   | Killed Kirke
 19104 | Lair:4   | Identified the Incunabulum of Icy Lightness
 19455 | Lair:5   | Reached XP level 15. HP: 97/99 MP: 16/16
 19928 | Lair:5   | Found a staircase to the Slime Pits.
 19928 | Lair:5   | Found a viscous altar of Jiyva.
 20163 | Lair:6   | Entered Level 6 of the Lair of Beasts
 20897 | Lair:6   | Received a gift from Okawaru
 21156 | Lair:6   | Identified 2 scrolls of acquirement
 21331 | Snake:1  | Entered Level 1 of the Snake Pit
 21358 | Snake:1  | Received a gift from Okawaru
 21381 | Snake:1  | Reached skill level 14 in Fighting
 21812 | Snake:1  | Noticed Azrael
 21868 | Snake:1  | Killed from afar by Azrael

Vault maps used:
D:1:      minmay_arrival_jagged
D:3:      minmay_goblin_kobold_castle, chequers_ecumenical_altar_island
D:4:      nicolae_ru_the_path_less_chosen, minmay_temple_entry_hall, first_bread
D:5:      trog_three_pillars_becter, uniq_sigmund
D:6:      lemuel_crystal_altar, kiku_gazebo_pond_becter,
          nicolae_ossuary_entry_ruins, uniq_edmund, uniq_grinder
D:8:      nicolae_overflow_hidden_temple, dpeg_lair_monsters,
          makhleb_altar_promises_db
D:9:      marbit_many_paths, okawaru_humans, uniq_psyche
D:10:     lemuel_ice_statue, zombieorc2_lemuel, uniq_erica, uniq_urug
D:11:     serial_shops, shop, lab_entry_generic, grunt_livestock,
          kennysheep_generic_room_10
D:13:     david_vaults_3
D:14:     minmay_misc_feat_cross, nrook_mini_vaults, uniq_snorg
D:15:     hangedman_depths_entry_civil_slaughter,
          hangedman_abyss_or_decor_slice, uniq_nessos
Temple:   oiseaux_autumnal_temple
Lair:1:   minivault_26, hangedman_lair_generics_rect, grunt_megastairs_2,
          uniq_joseph
Lair:2:   gammafunk_lair_enchanted_lake
Lair:3:   swamp_mist, dummy_snake_entry, uniq_fannar
Lair:4:   uniq_kirke
Lair:5:   slime_altar_1, st_stairs_11, minmay_lair_oklob_bushes
Lair:6:   grunt_lair_end_beastmaster, serial_bayou_lake_a
Snake:1:  hangedman_snake_pattern, nicolae_snake_biting_tails, uniq_asterion,
          uniq_aizul, uniq_azrael
Ossuary:  ossuary_tomb_3

Skill      XL: |  1  2  3  4  5  6  7  8  9 10 11 12 13 14 15 |
---------------+----------------------------------------------+-----
Fighting       | 4 5 6 7 8 10 11 12 13 14 | 14.3
Maces & Flails | 3 4 6 |  6.5
Armour         | 4 5 6 8 9 10 11 12 13 | 13.3
Dodging        | 1 2 3 |  3.5
Shields        | 4 5 6 7 9 10 11 12 | 12.2
Stealth        | 1 |  1.5
Polearms       | 3 |  3.2
Long Blades    | 3 5 7 8 |  8.0
Throwing       | 1 2 |  2.2
Axes           | 5 8 10 11 | 11.8
Evocations     | 1 |  1.5
Crossbows      | 3 |  3.8
Invocations    | |  0.7

Action                   |  1- 3 |  4- 6 |  7- 9 | 10-12 | 13-15 || total
-------------------------+-------+-------+-------+-------+-------++-------
Melee: Flail             |    82 |   255 |   326 |       |       ||   663
       Trident           |       |       |   142 |       |    16 ||   158
       Long sword        |       |       |   133 |   538 |       ||   671
       Broad axe         |       |       |       |   190 |  1007 ||  1197
 Fire: Hand crossbow     |       |       |     2 |       |     4 ||     6
       Arbalest          |       |       |       |       |    66 ||    66
Throw: Javelin           |       |       |    12 |    27 |       ||    39
Invok: Heroism           |       |       |     1 |     7 |     2 ||    10
       Finesse           |       |       |       |     1 |       ||     1
 Abil: Evoke Berserk Rag |       |       |       |     4 |     1 ||     5
       Evoke Flight      |       |       |       |     1 |       ||     1
Evoke: Wand              |       |       |       |       |     3 ||     3
  Use: Scroll            |       |     3 |    12 |    11 |    18 ||    44
       Potion            |       |     2 |     6 |     9 |     7 ||    24
  Eat: Chunk             |       |     4 |    17 |    19 |    31 ||    71
       Meat ration       |       |       |       |     1 |       ||     1
       Royal jelly       |       |       |       |     2 |       ||     2
       Fruit             |       |       |       |       |     2 ||     2
Armor: Scale mail        |    43 |   170 |    59 |       |       ||   272
       Chain mail        |       |       |   267 |   365 |       ||   632
       Plate armour      |       |       |       |    85 |   797 ||   882
       Crystal plate arm |       |       |       |       |   226 ||   226
Dodge: Dodged            |    21 |    97 |   159 |   259 |   294 ||   830
Block: Shield            |    44 |   174 |   311 |   558 |   934 ||  2021
       Rpst.: Long sword |       |       |     8 |    46 |       ||    54

Table legend:
 A = Spawn XP
 B = Non-spawn XP
 C = Spawn XP percentage of total XP
 D = Spawn monster count
 E = Non-spawn monster count
 F = Spawn count percentage of total count
 G = Total turns spent on level
                    A         B        C        D         E        F      G
               +---------+---------+-------+---------+---------+-------+---------
         Total |       0 |  121123 |   0.0 |       0 |     685 |   0.0 | 21868
               +---------+---------+-------+---------+---------+-------+---------
           D:1 |       0 |      26 |   0.0 |       0 |      14 |   0.0 |   693
           D:2 |       0 |     154 |   0.0 |       0 |      24 |   0.0 |   598
           D:3 |       0 |     584 |   0.0 |       0 |      77 |   0.0 |  1289
           D:4 |       0 |     283 |   0.0 |       0 |      13 |   0.0 |  1131
           D:5 |       0 |    1072 |   0.0 |       0 |      18 |   0.0 |   794
           D:6 |       0 |     934 |   0.0 |       0 |      19 |   0.0 |   751
           D:7 |       0 |    1937 |   0.0 |       0 |      34 |   0.0 |  1179
           D:8 |       0 |    6106 |   0.0 |       0 |      31 |   0.0 |  1309
           D:9 |       0 |    3250 |   0.0 |       0 |      29 |   0.0 |   909
          D:10 |       0 |    5747 |   0.0 |       0 |      65 |   0.0 |  1246
          D:11 |       0 |    5841 |   0.0 |       0 |      41 |   0.0 |   730
          D:12 |       0 |    5739 |   0.0 |       0 |      46 |   0.0 |  1034
          D:13 |       0 |   13974 |   0.0 |       0 |      42 |   0.0 |  1000
          D:14 |       0 |    2741 |   0.0 |       0 |       8 |   0.0 |  1117
          D:15 |       0 |    5569 |   0.0 |       0 |      18 |   0.0 |   670
        Lair:1 |       0 |    4978 |   0.0 |       0 |      21 |   0.0 |   657
        Lair:2 |       0 |    7664 |   0.0 |       0 |      21 |   0.0 |  1129
        Lair:3 |       0 |    6239 |   0.0 |       0 |      20 |   0.0 |   773
        Lair:4 |       0 |    9048 |   0.0 |       0 |      34 |   0.0 |   721
        Lair:5 |       0 |    9239 |   0.0 |       0 |      28 |   0.0 |   873
        Lair:6 |       0 |   14256 |   0.0 |       0 |      38 |   0.0 |  1122
       Snake:1 |       0 |   12418 |   0.0 |       0 |      25 |   0.0 |   537
           Lab |       0 |    3165 |   0.0 |       0 |       3 |   0.0 |  1255
       Ossuary |       0 |     159 |   0.0 |       0 |      16 |   0.0 |   215
               +---------+---------+-------+---------+---------+-------+---------
